 Dungeon Sprint DCSS version 0.30-a0-779-g7971cf19c3 (webtiles) character file.

Game seed: 16530046400776239996

52724 runemasterragnar the Executioner (level 14, -16/146 HPs)
             Began as a Minotaur Monk on Feb 17, 2023.
             Was the Champion of Cheibriados.
             Demolished by a frost giant
             ... wielding a +2 battleaxe of freezing
              (21 damage)
             ... in the Dungeon (Sprint IX: "|||||||||||||||||||||||||||||").
             The game lasted 00:06:00 (2888 turns).

runemasterragnar the Executioner (Minotaur Monk)    Turns: 2888, Time: 00:06:01

Health: -16/146    AC: 21    Str: 35    XL:     14   Next: 28%
Magic:  12/24      EV: 26    Int: 22    God:    Cheibriados [******]
Gold:   1829       SH:  0    Dex: 29    Spells: 13/13 levels left

rFire   . . .      SeeInvis +    m - +16 obsidian axe {drain, demonic, Mesm Drain Fly SInv}
rCold   . . .      Faith    .    (no shield)
rNeg    . . .      Spirit   .    B - +3 chain mail
rPois   +          Reflect  .    (helmet restricted)
rElec   .          Harm     .    t - +0 cloak
rCorr   .          Rampage  .    u - +0 pair of gloves
Will    +....      NoTele   +    (no boots) Stlth
                                 (no amulet)
HPRegen 0.44/turn                z - ring of poison resistance
MPRegen 0.19/turn                x - ring of see invisible

@: on berserk cooldown, flying, mesmerised, slowed, very slow
A: horns 2, retaliatory headbutt
a: Renounce Religion, Bend Time, Temporal Distortion, Slouch, Step From Time


You were in the Dungeon.
You worshipped Cheibriados.
Cheibriados was exalted by your worship.
You visited 1 branch You collected 1959 gold pieces.
You spent 130 gold pieces at shops.

Inventory:

Hand Weapons
 a - a +0 falchion
 m - the +16 obsidian axe (weapon) {drain, demonic, Mesm Drain Fly SInv}
   (You found it in the Dungeon)

   Mesm:      Its wielder is mesmerised by any visible foes, and it cannot be
   unequipped while any foes are visible.
   SInv:      It lets you see invisible.
   Fly:       It grants you flight.
   Drain:     It drains your maximum health when unequipped.
Armour
 b - a +0 robe
 o - a +1 chain mail
 t - a +0 cloak (worn)
 u - a +0 pair of gloves (worn)
 B - a +3 chain mail (worn)
Jewellery
 n - a +2 ring of evasion
 p - a +2 ring of evasion
 x - a ring of see invisible (right hand)
 y - a ring of protection from cold
 z - a ring of poison resistance (left hand)
 A - a ring of willpower
Wands
 l - a wand of light (20)
 s - a wand of mindburst (17)
Scrolls
 i - 5 scrolls of blinking
 k - 2 scrolls of amnesia
 q - 4 scrolls of identify
 r - 2 scrolls of fear
 C - 2 scrolls of enchant weapon
 D - a scroll of fog
Potions
 c - a potion of ambrosia
 d - 9 potions of curing
 e - 6 potions of heal wounds
 f - 2 potions of haste
 g - 3 potions of magic
 h - 2 potions of berserk rage
 j - a potion of invisibility
 v - a potion of lignification
 w - a potion of might


   Skills:
 + Level 19.0 Fighting
 - Level 8.0 Long Blades
 * Level 24.4 Axes
 + Level 18.7 Armour
 + Level 17.5 Dodging
 - Level 1.5 Stealth
 + Level 17.1 Unarmed Combat
 + Level 15.0 Invocations


You had 13 spell levels left.
You didn't know any spells.
Your spell library was empty.

Dungeon Overview and Level Annotations

Branches:
Dungeon (1/1)

Altars:
Cheibriados
Dithmenos
Elyvilon
Fedhas
Gozag
Hepliaklqana
Kikubaaqudgha
Makhleb
Nemelex Xobeh
Okawaru
Qazlal
Ru
Sif Muna
Trog
Uskayaw
Vehumet
Wu Jian
Xom
Yredelemnul
Zin
The Shining One
Jiyva
Lugonu

Shops:
D !(*:


Innate Abilities, Weirdness & Mutations

You have a pair of horns on your head.
You reflexively headbutt those who attack you in melee.


Message History

You headbutt the fire dragon, but do no damage.
The fire dragon is severely wounded.
The fire dragon bites you but does no damage.
The fire dragon completely misses you. x2
You slice the fire dragon!!
You are no longer entranced.
You kill the fire dragon!
Cheibriados appreciates the change of pace.
The fire dragon scales are intact enough to wear.
Visions of slaying the frost giant flood into your mind.
The frost giant gestures at you while chanting.
The bolt of cold hits you!
* * * LOW HITPOINT WARNING * * *
Your Fighting skill increases to level 19!
A necromancer comes into view. It is wielding a +0 dagger.
The frost giant hits you with a +2 battleaxe of freezing.
* * * LOW HITPOINT WARNING * * *
The frost giant freezes you.
* * * LOW HITPOINT WARNING * * *
The frost giant hits you but does no damage.
The frost giant hits you with a +2 battleaxe of freezing!
* * * LOW HITPOINT WARNING * * *
The frost giant freezes you.
* * * LOW HITPOINT WARNING * * *
The necromancer moves out of view.
Things that are here:
+0 fire dragon scales; a fire dragon corpse You chop the frost giant into pieces!!!
You drain the frost giant!
You headbutt the frost giant, but do no damage.
You punch the frost giant!!
The frost giant is almost dead.
You hear a shout!
The frost giant points at you and mumbles some strange words.
The bolt of cold hits you!!
* * * LOW HITPOINT WARNING * * *
You hit the frost giant.
You headbutt the frost giant, but do no damage.
The frost giant is almost dead.
The frost giant hits you with a +2 battleaxe of freezing!!
You die...

▓.▓.▓.▓[▓.▓)▓.▓†
▓.▓.▓÷▓.▓[▓.▓.▓.▓.
▓.▓.▓.▓.▓[▓.▓)▓.▓.
▓.▓.▓)▓.▓.▓.▓)▓.▓.
▓.▓.▓.▓.▓[▓.▓)▓.▓.
▓.▓.▓)▓.▓[▓.▓.▓.▓.
▓.▓.▓)▓.▓[▓.▓.▓.▓.
▓C▓.♣.♣.▓[▓.▓.▓.▓.
▓@▓.♣.♣.▓.▓.▓.▓.▓.
▓.▓.♣.♣.▓)▓.▓.▓.▓.
▓.▓.♣.♣.▓)▓.▓.▓.▓†
▓(▓.♣†♣.▓)▓.▓.▓.▓.
▓)▓.♣.♣.▓)▓.▓)▓.▓.
▓)▓.♣†♣.▓)▓.▓)▓.▓.
▓'▓.♣)♣.▓)▓.▓)▓.▓.
▓)▓.♣†♣.▓)▓.▓)▓.▓.
▓.▓.♣'♣.▓)▓.▓)▓.▓[


You could see a frost giant (mesmerising, drained).

Vanquished Creatures
  A tentacled monstrosity (D)
  A sphinx (D)
  Frances (D)
  A fire giant (D)
  2 frost giants (D)
  2 very ugly things (D)
  3 stone giants (D)
  A bunyip (D)
  2 fire dragons (D)
  A merfolk impaler (D)
  2 ettins (D)
  A catoblepas (D)
  A rakshasa (D)
  2 ice dragons (D)
  2 hydras (D)
  2 ghost crabs (D)
  A merfolk avatar (D)
  2 merfolk aquamancers (D)
  3 centaur warriors (D)
  A two-headed ogre (D)
  An alligator (D)
  4 death yaks (D)
  A deep troll earth mage (D)
  7 orc high priests (D)
  A hell knight (D)
  2 shock serpents (D)
  Nergalle (D)
  A pharaoh ant (D)
  A salamander mystic (D)
  A flayed ghost (D)
  A wizard (D)
  A necromancer (D)
  A deep elf pyromancer (D)
  An orc sorcerer (D)
  7 orc knights (D)
  2 ugly things (D)
  A wolf spider (D)
  3 cyclopes (D)
  A moth of wrath (D)
  3 manticores (D)
  An elephant (D)
  Maurice (D)
  6 black mambas (D)
  A water nymph (D)
  A naga mage (D)
  2 demonic crawlers (D)
  A torpor snail (D)
  2 cane toads (D)
  A rime drake (D)
  A komodo dragon (D)
  A tarantella (D)
  A meliai (D)
  A hornet (D)
  A troll (D)
  A tyrant leech (D)
  A shadow (D)
  A spriggan (D)
  A water elemental (D)
  2 yaks (D)
  3 redbacks (D)
  A vampire mosquito (D)
  A naga (D)
  3 water moccasins (D)
  9 orc warriors (D)
  3 bullfrogs (D)
  A scorpion (D)
  A wight (D)
  A killer bee (D)
  A jelly (D)
  An orc priest (D)
  6 orc wizards (D)
  2 iguanas (D)
  A hell rat (D)
  7 orcs (D)
  2 hobgoblins (D)
  A jackal (D)
  A ball python (D)
  A frilled lizard (D)
146 creatures vanquished.

Vanquished Creatures (collateral kills)
  An orc high priest (D)
  A black mamba (shapeshifter) (D)
  An orc (D)
3 creatures vanquished.

Vanquished Creatures (others)
  An eleionoma (D)
  A goliath frog (D)
2 creatures vanquished.

Grand Total: 151 creatures vanquished

Notes
Turn   | Place    | Note
-------+----------+-------------------------------------------
     0 | D        | runemasterragnar the Minotaur Monk began the quest for the
                  | Orb.
     0 | D        | Reached XP level 1. HP: 19/19 MP: 0/0
    14 | D        | Reached skill level 1 in Armour
    20 | D        | Reached skill level 1 in Unarmed Combat
    59 | D        | Noticed an iguana
    59 | D        | Noticed a jelly
    59 | D        | Noticed a scorpion
    59 | D        | Noticed an iguana
    62 | D        | Killed an iguana
    63 | D        | Reached skill level 5 in Long Blades
    63 | D        | Reached XP level 2. HP: 28/28 MP: 1/1
    63 | D        | Reached XP level 3. HP: 34/34 MP: 2/2
    66 | D        | Killed a scorpion
    67 | D        | Reached skill level 5 in Fighting
    67 | D        | Reached skill level 5 in Dodging
    67 | D        | Reached XP level 4. HP: 37/44 MP: 3/3
    78 | D        | Reached XP level 5. HP: 23/50 MP: 4/4
    85 | D        | Found a snail-covered altar of Cheibriados.
    85 | D        | Found a shadowy altar of Dithmenos.
    85 | D        | Found a white marble altar of Elyvilon.
    85 | D        | Found a blossoming altar of Fedhas.
    85 | D        | Found an opulent altar of Gozag.
    86 | D        | Found a hazy altar of Hepliaklqana.
    87 | D        | Found a viscous altar of Jiyva.
    88 | D        | Found an ancient bone altar of Kikubaaqudgha.
    89 | D        | Became a worshipper of Cheibriados the Contemplative
    89 | D        | Reached * piety under Cheibriados
    89 | D        | Reached ** piety under Cheibriados
    90 | D        | Found a corrupted altar of Lugonu.
    91 | D        | Found a burning altar of Makhleb.
    92 | D        | Found a sparkling altar of Nemelex Xobeh.
    93 | D        | Found an iron altar of Okawaru.
    94 | D        | Found a stormy altar of Qazlal.
    95 | D        | Found a sacrificial altar of Ru.
    96 | D        | Found a shimmering blue altar of Sif Muna.
    97 | D        | Found a bloodstained altar of Trog.
    98 | D        | Found a hide-covered altar of Uskayaw.
    99 | D        | Found a radiant altar of Vehumet.
   100 | D        | Found an ornate altar of the Wu Jian Council.
   101 | D        | Found a shimmering altar of Xom.
   102 | D        | Found a basalt altar of Yredelemnul.
   103 | D        | Found a glowing silver altar of Zin.
   104 | D        | Found a glowing golden altar of the Shining One.
   112 | D        | Found the +16 obsidian axe {drain, demonic, Mesm Drain Fly
                  | SInv}
   145 | D        | Noticed a vampire mosquito
   145 | D        | Noticed a shadow
   145 | D        | Noticed a troll
   145 | D        | Noticed a yak
   148 | D        | Reached skill level 2 in Axes
   148 | D        | Reached skill level 5 in Armour
   148 | D        | Reached skill level 1 in Invocations
   149 | D        | Killed a yak
   150 | D        | Reached skill level 5 in Axes
   150 | D        | Reached skill level 5 in Unarmed Combat
   150 | D        | Reached XP level 6. HP: 45/60 MP: 4/7
   152 | D        | Killed a troll
   153 | D        | Reached skill level 7 in Axes
   153 | D        | Reached XP level 7. HP: 33/68 MP: 4/8
   157 | D        | Killed a shadow
   157 | D        | Reached *** piety under Cheibriados
   158 | D        | Killed a vampire mosquito
   159 | D        | Reached skill level 8 in Axes
   161 | D        | Reached **** piety under Cheibriados
   293 | D        | Noticed a centaur warrior
   293 | D        | Noticed a manticore
   293 | D        | Noticed a two-headed ogre
   293 | D        | Noticed a raiju
   293 | D        | Noticed a white ugly thing
   297 | D        | Killed a white ugly thing
   298 | D        | Reached skill level 9 in Axes
   298 | D        | Reached skill level 5 in Invocations
   298 | D        | Reached XP level 8. HP: 78/78 MP: 9/11
   301 | D        | a raiju changed into a black mamba
   301 | D        | Noticed a black mamba (shapeshifter)
   302 | D        | Killed a black mamba
   303 | D        | Reached skill level 10 in Axes
   304 | D        | Killed a two-headed ogre
   304 | D        | Reached ***** piety under Cheibriados
   305 | D        | Reached skill level 10 in Fighting
   305 | D        | Reached skill level 11 in Axes
   305 | D        | Reached XP level 9. HP: 39/86 MP: 10/12
   306 | D        | Killed a manticore
   307 | D        | Reached skill level 12 in Axes
   307 | D        | Reached skill level 10 in Armour
   308 | D        | Killed a centaur warrior
   309 | D        | Reached skill level 10 in Dodging
   604 | D        | Noticed a cane toad
   604 | D        | Noticed a komodo dragon
   607 | D        | Killed a komodo dragon
   610 | D        | Killed a cane toad
   611 | D        | Reached skill level 13 in Axes
   616 | D        | Noticed a rime drake
   618 | D        | Reached ****** piety under Cheibriados
   619 | D        | Reached XP level 10. HP: 92/96 MP: 14/14
   621 | D        | Reached skill level 10 in Unarmed Combat
   742 | D        | Noticed a black mamba
   742 | D        | Noticed an elephant
   742 | D        | Noticed a torpor snail
   742 | D        | Noticed a black mamba
   742 | D        | Noticed a death yak
   745 | D        | Killed a death yak
   746 | D        | Reached skill level 14 in Axes
   747 | D        | Killed a black mamba
   747 | D        | Noticed a cane toad
   748 | D        | Noticed a six-headed hydra
   752 | D        | Killed a torpor snail
   753 | D        | Killed a black mamba
   754 | D        | Killed a cane toad
   756 | D        | Reached skill level 15 in Axes
   756 | D        | Killed an elephant
   757 | D        | Killed a seven-headed hydra
   951 | D        | Noticed a death yak
   951 | D        | Noticed a death yak
   951 | D        | Noticed a death yak
   951 | D        | Noticed a catoblepas
   951 | D        | Noticed a death yak
   952 | D        | Killed a death yak
   953 | D        | Reached XP level 11. HP: 107/107 MP: 17/17
   955 | D        | Killed a catoblepas
   956 | D        | Reached skill level 16 in Axes
   957 | D        | Noticed a catoblepas
   970 | D        | Killed a death yak
   974 | D        | Killed a death yak
   975 | D        | Reached skill level 10 in Invocations
  1291 | D        | Noticed Maurice
  1297 | D        | Killed Maurice
  1441 | D        | Noticed an orc knight
  1449 | D        | Killed an orc knight
  1492 | D        | Noticed an orc sorcerer
  1494 | D        | Noticed an orc high priest
  1498 | D        | Reached skill level 17 in Axes
  1501 | D        | Killed an orc sorcerer
  1507 | D        | Killed an orc high priest
  1521 | D        | Found Osekh's Book Boutique.
  1521 | D        | Noticed an orc knight
  1521 | D        | Noticed an orc high priest
  1521 | D        | Noticed an orc knight
  1521 | D        | Noticed an orc high priest
  1521 | D        | Noticed an orc knight
  1522 | D        | Noticed an orc high priest
  1523 | D        | Killed an orc knight
  1525 | D        | Noticed a sixfirhy
  1527 | D        | Killed an orc high priest
  1531 | D        | Killed an orc knight
  1532 | D        | Reached skill level 18 in Axes
  1533 | D        | Noticed an orc high priest
  1533 | D        | Killed an orc high priest
  1534 | D        | Noticed a sixfirhy
  1535 | D        | Killed an orc knight
  1536 | D        | Killed an orc high priest
  1537 | D        | Reached XP level 12. HP: 46/118 MP: 3/19
  1537 | D        | Found Ulozyl's General Store.
  1537 | D        | Noticed an orc high priest
  1541 | D        | Killed an orc high priest
  1543 | D        | Found Hoere's Antique Weapon Boutique.
  1545 | D        | Killed an orc high priest
  1548 | D        | Found Kunuiromp's Distillery.
  1551 | D        | Noticed an orc high priest
  1555 | D        | Noticed an orc high priest
  1557 | D        | Reached skill level 15 in Fighting
  1557 | D        | Killed an orc high priest
  1558 | D        | Reached skill level 19 in Axes
  1569 | D        | Killed an orc high priest
  1573 | D        | Bought a potion of lignification for 30 gold pieces
  1573 | D        | Bought a potion of curing for 30 gold pieces
  1573 | D        | Bought a potion of curing for 30 gold pieces
  1573 | D        | Bought a potion of might for 40 gold pieces
  1968 | D        | Noticed a centaur warrior
  1968 | D        | Noticed a centaur warrior
  1971 | D        | Killed a centaur warrior
  1972 | D        | Reached skill level 15 in Armour
  1974 | D        | Killed a centaur warrior
  1975 | D        | Noticed a stone giant
  1977 | D        | Noticed a fire giant
  1980 | D        | Noticed an ice dragon
  1993 | D        | Killed a fire giant
  1994 | D        | Reached skill level 20 in Axes
  1995 | D        | Noticed a sphinx
  1996 | D        | Killed a stone giant
  2000 | D        | Noticed a stone giant
  2003 | D        | Killed an ice dragon
  2008 | D        | Killed a sphinx
  2009 | D        | Reached skill level 15 in Dodging
  2011 | D        | Killed a stone giant
  2012 | D        | Reached XP level 13. HP: 72/130 MP: 6/21
  2201 | D        | Noticed Frances
  2211 | D        | Killed Frances
  2212 | D        | Reached skill level 21 in Axes
  2266 | D        | Noticed an eleionoma
  2269 | D        | Killed an eleionoma
  2270 | D        | Reached skill level 15 in Unarmed Combat
  2270 | D        | Noticed a bunyip
  2274 | D        | Killed a bunyip
  2395 | D        | Reached skill level 22 in Axes
  2468 | D        | Noticed a merfolk impaler
  2481 | D        | Killed a merfolk impaler
  2665 | D        | Reached skill level 23 in Axes
  2760 | D        | Noticed Nergalle
  2764 | D        | Killed Nergalle
  2837 | D        | Noticed an ettin
  2837 | D        | Noticed a purple very ugly thing
  2837 | D        | Noticed an ettin
  2837 | D        | Noticed a frost giant
  2838 | D        | Noticed a frost giant
  2842 | D        | Killed an ettin
  2842 | D        | Killed an ettin
  2844 | D        | Killed a frost giant
  2846 | D        | Killed a purple very ugly thing
  2846 | D        | Noticed a tentacled monstrosity
  2848 | D        | Killed a frost giant
  2849 | D        | Reached XP level 14. HP: 53/144 MP: 3/23
  2857 | D        | Noticed a stone giant
  2862 | D        | Killed a tentacled monstrosity
  2863 | D        | Noticed a green very ugly thing
  2868 | D        | Reached skill level 24 in Axes
  2872 | D        | Killed a stone giant
  2874 | D        | Killed a green very ugly thing
  2881 | D        | Reached skill level 15 in Invocations
  2881 | D        | Noticed a frost giant
  2887 | D        | HP: 4/146 [frost giant/bolt of cold (21)]
  2888 | D        | Demolished by a frost giant

Illustrated notes

Levels and vault maps discovered:
D:        linesprint [early_d, line_temple, items_1, d_10, items_2, lair_1,
          lair_end, items_3, orc_1, orc_end, items_4, d_15, swamp_1, shoals_1,
          snake_1, spider_1, d_20, vaults_1, items_5, swamp_end, shoals_end,
          snake_end, spider_end, vaults_end, d_27, items_6, zot_1, zot_end,
          crypt_end, forest_end, elf_end, slime_end, tomb_end, abyss_end,
          pan_hell_end]

Skill      XL: |  1  2  3  4  5  6  7  8  9 10 11 12 13 14 |
---------------+-------------------------------------------+-----
Long Blades    | 5 6 7 8 |  8.0
Armour         | 2 3 4 6 7 8 9 10 12 14 16 18 | 18.7
Fighting       | 4 5 6 7 8 9 10 11 13 14 16 18 19 | 19.0
Unarmed Combat | 2 3 4 5 6 7 8 9 11 13 14 16 17 | 17.1
Dodging        | 4 5 6 7 8 9 10 11 13 15 16 17 | 17.5
Axes           | 5 7 9 11 13 15 18 20 23 24 | 24.4
Invocations    | 2 3 5 6 7 9 10 12 14 15 | 15.0
Stealth        | |  1.5

Action                     |  1- 3 |  4- 6 |  7- 9 | 10-12 | 13-15 || total
---------------------------+-------+-------+-------+-------+-------++-------
  Melee: Falchion          |    26 |    13 |       |       |       ||    39
         Headbutt          |     2 |     1 |     5 |    28 |    16 ||    52
         Broad axe         |       |     7 |    35 |   136 |    90 ||   268
         Punch             |       |       |     1 |    10 |    12 ||    23
 Invoke: Slouch            |       |       |     1 |    11 |    14 ||    26
         Step From Time    |       |       |       |     1 |     1 ||     2
         Bend Time         |       |       |       |       |     1 ||     1
    Use: Potion            |       |       |       |     4 |     3 ||     7
   Stab: Sleeping          |     1 |       |       |       |       ||     1
 Armour: Robe              |     3 |     3 |       |       |       ||     6
         Chain mail        |       |     1 |    10 |    30 |    45 ||    86
  Dodge: Dodged            |    16 |    13 |    27 |    94 |   110 ||   260

Table legend: (Time is in decaauts)
 A = Elapsed time spent in this place.
 B = Non-inter-level travel time spent in this place.
 C = Inter-level travel time spent in this place.
 D = Time resting spent in this place.
 E = Time spent auto-exploring this place.
 F = Levels seen in this place.
 G = Mean time per level.
                   A        B        C        D        E       F      G
               +--------+--------+--------+--------+--------+-----+--------+
         Total |   3648 |   3602 |     46 |   1146 |   1609 |   1 | 3648.0 |
       Dungeon |   3648 |   3602 |     46 |   1146 |   1609 |   1 | 3648.0 |
               +--------+--------+--------+--------+--------+-----+--------+

Top non-repeatable levels by time:
       D: 3648 daAuts
